 Dungeon Crawl Stone Soup version 0.25.1-1-g288607f5aa (webtiles) character file.

Game seed: 9273991814340732667

113495 Boby the Grappler (level 16, -1/169 HPs)
             Began as a Troll Fighter on July 25, 2020.
             Was the Champion of the Shining One.
             Slain by a water elemental (2 damage)
             ... on level 1 of the Shoals.
             The game lasted 01:51:21 (25581 turns).

Boby the Grappler (Troll Fighter)                  Turns: 25581, Time: 01:51:22

Health: -1/169     AC: 24    Str: 42    XL:     16   Next: 14%
Magic:  22/34      EV:  4    Int: 10    God:    the Shining One [******]
Gold:   1720       SH: 31    Dex: 13    Spells: 15/15 levels left

rFire    + + .     SeeInvis .     - Unarmed
rCold    x . .     Gourm    +   r - +18 shield of the Gong {rElec rN+ MR+ EV-5}
rNeg     + + +     Faith    .   R - +0 fire dragon scales
rPois    +         Spirit   .   C - +3 hat of Pondering {ponderous, MR+ MP+10 Int+5}
rElec    +         Reflect  .   H - +1 cloak
rCorr    .         Harm     .   (gloves unavailable)
MR       +++++     Clarity  +   (boots unavailable)
Stlth    ..........             b - amulet of the Four Winds {rN+ MR+++ Clar}
HPRegen  0.78/turn              T - +6 ring of strength
MPRegen  0.24/turn              P - ring of Rownece {rPois AC+4 Str+4 Dex+4}

@: glowing, very slow
A: large, unfitting armour, claws 3, fast metabolism 3, gourmand, regeneration
1, shaggy fur 1, tough skin 3
a: Divine Shield, Cleansing Flame, Summon Divine Warrior, Brand Weapon With Holy
Wrath, Renounce Religion


You were on level 1 of the Shoals.
You worshipped the Shining One.
The Shining One was exalted by your worship.
You were not hungry.

You visited 5 branches of the dungeon, and saw 25 of its levels.
You also visited: Ice Cave.

You collected 2471 gold pieces.
You spent 751 gold pieces at shops.

Inventory:

Hand Weapons
 U - the +4 mace of Exhibitionism {elec, rC+, unknown}
   (You found it on level 15 of the Dungeon)

   Occasionally, upon striking a foe, it will discharge some electrical energy
   and cause terrible harm.
   It protects you from cold.
Missiles
 y - 39 poisoned darts (quivered)
 E - 3 throwing nets {!f}
Armour
 q - a +1 robe of magic resistance
   (You took it off Nergalle on level 3 of the Lair of Beasts)
 r - the +18 shield of the Gong (worn) {rElec rN+ MR+ EV-5}
   (You found it on level 4 of the Dungeon)

   It affects your evasion (-5).
   It insulates you from electricity.
   It protects you from negative energy.
   It affects your resistance to hostile enchantments.
 C - the +3 hat of Pondering (worn) {ponderous, MR+ MP+10 Int+5}
   (You took it off Gastronok on level 8 of the Dungeon)

   It affects your intelligence (+5).
   It affects your resistance to hostile enchantments.
   It affects your magic capacity (+10).
 H - a +1 cloak (worn)
   (You bought it in a shop on level 8 of the Dungeon)
 R - +0 fire dragon scales (worn)
   (You found it on level 6 of the Lair of Beasts)
Jewellery
 b - the amulet of the Four Winds (around neck) {rN+ MR+++ Clar}
   (You bought it in a shop on level 2 of the Orcish Mines)

   [amulet of nothing]

   It protects you from negative energy.
   It affects your resistance to hostile enchantments.
   It protects you against confusion.
 j - an uncursed ring of resist corrosion
   (You found it on level 8 of the Dungeon)
 s - an uncursed ring of flight
   (You found it on level 5 of the Dungeon)
 J - an uncursed ring of protection from cold
   (You took it off a centaur on level 9 of the Dungeon)
 P - the ring of Rownece (right claw) {rPois AC+4 Str+4 Dex+4}
   (You found it on level 4 of the Lair of Beasts)

   [ring of protection]

   It affects your AC (+4).
   It affects your strength (+4).
   It affects your dexterity (+4).
   It protects you from poison.
 T - a +6 ring of strength (left claw)
   (You found it on level 6 of the Lair of Beasts)
Wands
 c - a wand of disintegration (11)
   (You found it in an ice cave)
 d - a wand of iceblast (7)
   (You found it on level 13 of the Dungeon)
 t - a wand of flame (12)
   (You found it on level 4 of the Lair of Beasts)
 u - a wand of paralysis (21)
   (You took it off an orc wizard on level 6 of the Dungeon)
 v - a wand of digging (11)
   (You found it on level 3 of the Dungeon)
 x - a wand of acid (26)
   (You found it on level 8 of the Dungeon)
 M - a wand of enslavement (8)
   (You found it on level 1 of the Lair of Beasts)
Scrolls
 a - 4 scrolls of remove curse {@r2}
 f - 10 scrolls of teleportation {@r4}
 h - 3 scrolls of enchant weapon
 i - 8 scrolls of identify {@r1}
 l - 6 scrolls of enchant armour
 o - a scroll of fear
 p - 4 scrolls of amnesia
 D - a scroll of vulnerability {!r}
 I - a scroll of blinking
 L - a scroll of silence
 S - a scroll of holy word {unknown}
Potions
 g - 3 potions of haste {@q3}
 k - 5 potions of lignification {!q}
 m - 6 potions of flight
 n - 3 potions of cancellation {unknown}
 w - 2 potions of berserk rage
 z - 5 potions of magic {unknown}
 A - 5 potions of heal wounds {@q2}
 B - 2 potions of invisibility {unknown}
 F - 6 potions of curing {@q1}
 G - a potion of ambrosia {unknown}
 K - a potion of resistance {unknown}
 N - 4 potions of might
 O - 3 potions of degeneration {unknown}
Comestibles
 e - 45 rations {!d}


   Skills:
 + Level 13.0 Fighting
 * Level 5.5 Throwing
 + Level 8.4 Armour
 - Level 2.4 Dodging
 - Level 9.0 Shields
 + Level 14.9 Unarmed Combat
 + Level 12.2 Invocations


You had 15 spell levels left.
You didn't know any spells.
Your spell library contained the following spells:

 Spells                   Type           Power        Failure   Level  Hunger
 Foxfire                  Conj/Fire      #...         54%         1    ##.....
 Summon Butterflies       Summ           #.......     54%         1    ##.....
 Call Canine Familiar     Summ           #.......     89%         3    ####...
 Conjure Flame            Conj/Fire      #.......     89%         3    ####...
 Frozen Ramparts          Ice            #.....       89%         3    ####...
 Inner Flame              Hex/Fire       #.......     89%         3    ####...
 Mephitic Cloud           Conj/Pois/Air  #.......     89%         3    ####...
 Portal Projectile        Hex/Tloc       #.....       89%         3    ####...
 Spectral Weapon          Hex/Chrm       #.......     89%         3    ####...
 Spider Form              Tmut/Pois      #.........   89%         3    ####...
 Ice Form                 Ice/Tmut       #.......     100%        4    #####..
 Sticky Flame             Conj/Fire      #.......     100%        4    #####..
 Summon Ice Beast         Ice/Summ       #.......     100%        4    #####..
 Fireball                 Conj/Fire      #.........   100%        5    ######.
 Metabolic Englaciation   Hex/Ice        #.........   100%        5    ######.
 Summon Mana Viper        Hex/Summ       #.......     100%        5    ######.
 Freezing Cloud           Conj/Ice/Air   #.........   100%        6    #######
 Ozocubu's Refrigeration  Ice            #.........   100%        6    #######
 Simulacrum               Ice/Necr       #.........   100%        6    #######
 Summon Hydra             Summ           #.........   100%        7    #######


Dungeon Overview and Level Annotations

Branches:
Dungeon (15/15)            Temple (1/1) D:5            Lair (6/6) D:10
 Shoals (1/4) Lair:4       Spider (0/4) Lair:2        Slime (0/5) Lair:5
    Orc (2/2) D:12            Elf (0/3) Orc:2        Vaults (0/5) D:14
 Depths (0/5) D:15          IceCv (visited)

Altars:
Ashenzari
Cheibriados
Dithmenos
Elyvilon
Fedhas
Gozag
Hepliaklqana
Kikubaaqudgha
Makhleb
Nemelex Xobeh
Okawaru
Qazlal
Ru
Sif Muna
Trog
Uskayaw
Vehumet
Wu Jian
Xom
Yredelemnul
Zin
The Shining One
Beogh
Jiyva

Shops:
D:5 *   D:8 [   D:9 ?   D:10 (   D:12 [*   D:15 *   Orc:1 =   Orc:2 ![=:!(%:?

Annotations:
Lair:4 2 transporters, exclusion: 3 oklob plants, rayg00n's ghost, journeyman TeCj


Innate Abilities, Weirdness & Mutations

You are too large for most types of armour.
You have claws for hands.
Your metabolism is lightning-fast.
You like to eat raw meat.
Your natural rate of healing is unusually fast.
You are covered in fur. (AC +1)
You have extremely tough skin. (AC +3)


Message History

PANG!
You block the merfolk's attack.
BOUMMMMG!
Your daeva hits the merfolk with a +5 scimitar of holy wrath!!
The merfolk dies!
You hear a splash.
You hear a shout!
You hear an angry hiss.
You feel much better. You block the water elemental's attack.
SHROANNG!
The merfolk throws a boomerang.
PANG!
You block the boomerang.
The weapon returns to the merfolk!
The water elemental hits your daeva!
The water elemental engulfs your daeva in water!
The merfolk aquamancer points at you and mumbles some strange words.
The torrent of water hits you!!!
* * * LOW HITPOINT WARNING * * *
The wave splashes down.
You block the merfolk's attack.
BOUMMMMG!
The water elemental hits you.
The water elemental engulfs you in water!
The snapping turtle bites you from afar!
* * * LOW HITPOINT WARNING * * *
A snapping turtle comes into view.
You cannot read scrolls while unable to breathe!
You slip free of the water engulfing you.
You gasp with relief as air once again reaches your lungs.
You enter the shallow water.
Moving in this stuff is going to be slow.
You block the merfolk's attack.
SHROANNG!
The merfolk throws a boomerang.
SHROANNG!
You block the boomerang.
The weapon returns to the merfolk!
Your daeva hits the merfolk aquamancer with a +5 scimitar of holy wrath.
Your daeva hits the merfolk aquamancer with a +5 scimitar of holy wrath!
The merfolk aquamancer dies!
You hear a splash. x2
Your daeva blocks the water elemental's attack.
You block the merfolk's attack.
PTOANNNG!
You block the water elemental's attack.
GONNNNG!
The snapping turtle bites you from afar.
* * * LOW HITPOINT WARNING * * *
You block the merfolk's attack.
GONNNNG!
The water elemental hits your daeva.
Your daeva calls down the wrath of the Shining One upon the water elemental.
The water elemental is smitten.
The water elemental hits you.
You die...

≈≈≈.. #..≈≈≈≈≈#
≈≈≈..##.≈≈≈≈≈≈.
≈≈≈≈≈≈(≈≈≈≈≈≈≈ ≈
≈≈≈≈≈≈≈≈≈≈≈≈≈ ≈≈
.≈≈≈≈≈≈≈≈≈.# ≈≈≈
#≈≈≈≈≈≈≈...#.≈≈≈
#≈≈≈≈.t†m≈≈.≈≈≈≈
.≈≈≈≈.m(E≈≈≈≈≈≈≈
≈.≈m...@E≈≈≈..≈≈
≈≈≈≈.##)A)≈...≈≈
≈≈≈. ..≈)E≈≈..≈≈
≈≈.≈≈≈≈≈≈≈≈≈≈$≈≈
≈≈k.≈≈≈≈....≈≈≈≈
≈t.≈≈≈≈≈......$^
##.≈≈≈≈........
##.≈≈...≈≈≈..≈


You could see a snapping turtle, 3 merfolk, 3 water elementals and a friendly
daeva (summoned, drowning).

Vanquished Creatures
  Rupert (Lair:5)
  Gastronok (D:8)
  A frost giant (IceCv)
  Donald (Orc:2)
  An orc warlord (Orc:1)
  Nessos (Orc:2)
  Azrael (Orc:2)
  Snorg (Orc:2)
  3 fire dragons
  Josephine (D:14)
  A merfolk impaler (Shoals:1)
  4 vault guards (D:14)
  Erolcha (D:11)
  Harold (D:7)
  2 catoblepae
  5 two-headed ogres
  2 centaur warriors
  A queen ant (D:8)
  The ghost of KleinerIrrer the Grappler, a novice DrTm of Cheibriados (D:10)
  2 ogre magi (Orc:2)
  2 tengu warriors (D:15)
  3 death yaks (IceCv)
  An orc high priest (Orc:1)
  Nergalle (Lair:3)
  A sea snake (Shoals:1)
  3 unseen horrors
  4 orc knights
  A wolf spider (Lair:2)
  2 deep elf magi
  A lindwurm (Lair:6)
  A deep elf archer (D:14)
  13 orc sorcerers
  A wolf spider zombie (D:15)
  3 fauns (Shoals:1)
  3 manticores
  9 ugly things
  2 cyclopes (D:12)
  A merfolk siren (Shoals:1)
  An elephant (Lair:4)
  7 centaur zombies
  3 black mambas
  A water nymph (Shoals:1)
  An ice statue (IceCv)
  A molten gargoyle (Lair:6)
  A gargoyle (D:14)
  9 spiny frogs
  A kobold demonologist (D:15)
  5 yaktaurs (D:13)
  7 trolls
  11 komodo dragons
  2 tengu conjurers (D:15)
  3 hornets
  17 polar bears
  A snapping turtle (Lair:4)
  6 slime creatures
  4 hippogriffs
  2 redbacks (Lair:2)
  49 yaks
  6 fire elementals (Orc:2)
  11 spriggans
  8 wyverns
  A shadow (D:11)
  A vampire (D:12)
  4 wraiths
  2 humans
  4 basilisks
  5 hogs
  3 steam dragons
  4 hungry ghosts
  Grum (Lair:1)
  An acid dragon (D:14)
  21 soldier ants
  4 wargs
  7 water moccasins
  17 porcupines
  6 hell hounds
  26 orc warriors
  4 ice beasts
  4 sky beasts
  2 eyes of draining
  5 black bears
  4 phantoms
  3 boggarts (Lair:5)
  38 wolves
  4 ogres
  9 centaurs
  14 crocodiles
  3 big kobolds
  20 bullfrogs
  2 wyvern zombies
  3 scorpions
  26 killer bees
  3 howler monkeys
  7 wights
  An electric eel (D:15)
  3 lava snakes (Lair:6)
  7 jellies
  A bullfrog zombie (D:12)
  8 crimson imps
  6 hounds
  3 bullfrog skeletons
  15 orc priests
  47 orc wizards
  2 quasits
  4 centaur skeletons
  6 iguanas
  30 worker ants
  2 killer bee zombies
  A hound skeleton (D:6)
  2 worker ant zombies
  3 gnolls (D:7)
  A howler monkey skeleton (D:8)
  7 adders
  5 shadow imps
  11 white imps
  12 oozes
  An adder zombie (D:6)
  An adder skeleton (D:6)
  5 worms
  3 dart slugs (D:1)
  7 leopard geckos
  97 orcs
  11 bats
  8 giant cockroaches
  9 goblins
  11 hobgoblins
  12 jackals
  15 kobolds
  5 quokkas
  7 ball pythons
  7 frilled lizards
  A quokka skeleton (D:4)
  9 rats
885 creatures vanquished.

Vanquished Creatures (collateral kills)
  Kirke (D:12)
  6 hydras
  A merfolk aquamancer (Shoals:1)
  A black mamba (Lair:6)
  A molten gargoyle (Lair:6)
  2 spiny frogs (Lair:6)
  A komodo dragon (Lair:6)
  A merfolk (Shoals:1)
  3 blink frogs (Lair:6)
  A hornet (Lair:5)
  A hippogriff (Lair:6)
  A spriggan (Lair:5)
  3 wyverns (Lair:6)
  2 hogs (D:12)
  2 basilisks
  2 water moccasins
  9 wolves (Lair:6)
  A crocodile (Lair:6)
  2 lava snakes (Lair:6)
  An orc priest (D:12)
  A white imp (D:12)
  2 orcs (D:12)
45 creatures vanquished.

Vanquished Creatures (others)
  A human (D:4)
  An orc wizard (D:3)
  An adder (D:7)
  An orc (Orc:2)
  45 fungi
  19 plants
68 creatures vanquished.

Grand Total: 998 creatures vanquished

Notes
Turn   | Place    | Note
-------+----------+-------------------------------------------
     0 | D:1      | Boby the Troll Fighter began the quest for the Orb.
     0 | D:1      | Reached XP level 1. HP: 22/22 MP: 0/0
   112 | D:1      | Reached XP level 2. HP: 29/29 MP: 1/1
   343 | D:1      | Reached XP level 3. HP: 36/36 MP: 2/2
  1238 | D:2      | Reached skill level 3 in Unarmed Combat
  1238 | D:2      | Reached XP level 4. HP: 37/45 MP: 3/3
  2331 | D:3      | Reached XP level 5. HP: 44/53 MP: 4/4
  2456 | D:3      | Found a shimmering blue altar of Sif Muna.
  2791 | D:4      | Found the +18 shield of the Gong {rElec rN+ MR+ EV-5}
  3190 | D:4      | Found an ancient bone altar of Kikubaaqudgha.
  3193 | D:4      | Noticed a human
  3194 | D:4      | Killed a human
  3498 | D:5      | Entered Level 5 of the Dungeon
  3498 | D:5      | Noticed a centaur
  3573 | D:5      | Noticed an ice beast
  3587 | D:5      | Killed an ice beast
  3587 | D:5      | Reached skill level 4 in Unarmed Combat
  3587 | D:5      | Reached XP level 6. HP: 51/62 MP: 5/5
  3651 | D:4      | Reached XP level 7. HP: 12/71 MP: 6/6
  3799 | D:5      | Reached skill level 5 in Unarmed Combat
  3973 | D:5      | Found a radiant altar of Vehumet.
  4082 | D:5      | Reached skill level 5 in Fighting
  4153 | D:5      | Found a white marble altar of Elyvilon.
  4295 | D:5      | Found Gul Peof's General Store.
  4301 | D:5      | Bought a potion of curing for 39 gold pieces
  4343 | D:5      | Found a staircase to the Ecumenical Temple.
  4418 | Temple   | Entered the Ecumenical Temple
  4493 | Temple   | Became a worshipper of the Shining One
  4790 | D:6      | Found a sparkling altar of Nemelex Xobeh.
  4796 | D:6      | Reached skill level 5 in Shields
  4826 | D:6      | Reached XP level 8. HP: 80/80 MP: 7/7
  4866 | D:6      | Reached skill level 6 in Unarmed Combat
  4927 | D:6      | Reached * piety under the Shining One
  5011 | D:6      | Found a glowing silver altar of Zin.
  5842 | D:7      | Found a bloodstained altar of Trog.
  5847 | D:7      | Noticed Harold
  5866 | D:7      | Killed Harold
  5866 | D:7      | Reached skill level 7 in Unarmed Combat
  5866 | D:7      | Reached XP level 9. HP: 71/89 MP: 8/8
  5932 | D:7      | Reached skill level 8 in Unarmed Combat
  6145 | D:7      | Reached skill level 1 in Invocations
  6490 | D:7      | Reached XP level 10. HP: 102/102 MP: 10/10
  6839 | D:8      | Noticed Gastronok
  6839 | D:8      | Noticed a two-headed ogre
  7002 | D:8      | Identified the +1 chain mail of Abstinence {-Tele Int+5}
  7111 | D:8      | Reached ** piety under the Shining One
  7136 | D:8      | Noticed a deep elf mage
  7143 | D:8      | Killed a deep elf mage
  7217 | D:8      | Reached skill level 9 in Unarmed Combat
  7454 | D:8      | Killed a two-headed ogre
  7454 | D:8      | Reached XP level 11. HP: 113/113 MP: 13/13
  7475 | D:8      | Killed Gastronok
  7475 | D:8      | Reached skill level 10 in Unarmed Combat
  7475 | D:8      | Reached skill level 5 in Invocations
  7531 | D:8      | Noticed a queen ant
  7539 | D:8      | Killed a queen ant
  7690 | D:8      | Found Woefoud's Armour Boutique.
  7698 | D:8      | Bought a +0 cloak for 54 gold pieces
  8109 | D:9      | Reached *** piety under the Shining One
  8238 | D:9      | Found Hosoenn's Magic Scroll Shoppe.
  8819 | D:10     | Entered Level 10 of the Dungeon
  8834 | D:10     | Found a staircase to the Lair.
  8850 | D:10     | Noticed a two-headed ogre
  8868 | D:10     | Killed a two-headed ogre
  8914 | D:10     | Reached **** piety under the Shining One
  8962 | D:10     | Found Naekhlal's Weapon Emporium.
  9035 | D:10     | Noticed an unseen horror
  9044 | D:10     | Killed an unseen horror
  9067 | D:10     | Reached XP level 12. HP: 124/124 MP: 16/16
  9104 | D:10     | Noticed KleinerIrrer's ghost (novice DrTm)
  9121 | D:10     | Reached skill level 11 in Unarmed Combat
  9218 | D:10     | Found a transporter.
  9219 | D:10     | Found a transporter.
  9857 | D:11     | Noticed Erolcha
  9920 | D:11     | Killed Erolcha
 10157 | D:11     | Reached skill level 1 in Armour
 10924 | D:12     | Reached skill level 10 in Fighting
 11022 | D:12     | Reached ***** piety under the Shining One
 11378 | D:12     | Noticed a five-headed hydra
 11400 | D:12     | Killed a five-headed hydra
 11403 | D:12     | Reached skill level 12 in Unarmed Combat
 11545 | D:12     | Found a frozen archway.
 11559 | D:12     | Noticed Kirke
 11574 | D:12     | Killed Kirke
 11574 | D:12     | Reached XP level 13. HP: 135/135 MP: 18/18
 11585 | IceCv    | Entered an ice cave
 12110 | IceCv    | Noticed a frost giant
 12116 | IceCv    | Killed a frost giant
 12208 | IceCv    | Identified Witchcraft Continued
 12575 | D:12     | Found a staircase to the Orcish Mines.
 12719 | D:12     | Found Menism's Assorted Antiques.
 12767 | D:12     | Found Uzidonuo's Armour Emporium.
 12949 | D:10     | Killed KleinerIrrer's ghost
 13024 | Lair:1   | Entered Level 1 of the Lair of Beasts
 13040 | Lair:1   | Noticed Grum
 13049 | Lair:1   | Killed Grum
 13210 | Lair:1   | Reached skill level 13 in Unarmed Combat
 14126 | Lair:2   | Found a blossoming altar of Fedhas.
 14229 | Lair:2   | Reached skill level 10 in Invocations
 14522 | Lair:2   | Found a hole to the Spider Nest.
 14916 | Lair:3   | Reached skill level 5 in Armour
 14916 | Lair:3   | Reached XP level 14. HP: 141/146 MP: 20/20
 14951 | Lair:3   | You fall into a shaft and drop 2 floors!
 14952 | Lair:5   | Found a viscous altar of Jiyva.
 14953 | Lair:5   | Found a staircase to the Slime Pits.
 15059 | Lair:4   | Noticed Rupert
 15090 | Lair:5   | Killed Rupert
 15458 | Lair:3   | Noticed Nergalle
 15467 | Lair:3   | Killed Nergalle
 16007 | Lair:4   | Noticed rayg00n's ghost (journeyman TeCj)
 16050 | Lair:4   | Found a transporter.
 16097 | Lair:4   | Found a transporter.
 16384 | Lair:4   | Got a shimmering jade ring
 16420 | Lair:4   | Found a staircase to the Shoals.
 17136 | Lair:5   | You fall into a shaft and drop 1 floor!
 17136 | Lair:6   | Entered Level 6 of the Lair of Beasts
 17136 | Lair:6   | Found a large runed translucent door.
 17136 | Lair:6   | Found a large runed translucent door.
 17708 | Lair:6   | Reached skill level 14 in Unarmed Combat
 18126 | Lair:6   | Got a creamy pearl robe
 18583 | Lair:6   | Identified the +1 robe of Fiabuume {Int+7} (You found it on
                  | level 6 of the Lair of Beasts)
 18601 | Lair:6   | Identified the ring of Rownece {rPois AC+4 Str+4 Dex+4}
                  | (You found it on level 4 of the Lair of Beasts)
 19220 | Orc:1    | Entered Level 1 of the Orcish Mines
 19423 | Orc:1    | Found a roughly hewn altar of Beogh.
 19502 | Orc:2    | Entered Level 2 of the Orcish Mines
 19504 | Orc:2    | Noticed Donald
 19508 | Orc:2    | Noticed an orc warlord
 19527 | Orc:1    | Killed an orc warlord
 19527 | Orc:1    | Reached XP level 15. HP: 112/157 MP: 22/22
 19691 | Orc:2    | Killed Donald
 19809 | Orc:2    | Found Figaroel's Food Emporium.
 19853 | Orc:2    | Found Hag Yfew's Book Shop.
 19888 | Orc:2    | Noticed Snorg
 19906 | Orc:2    | Killed Snorg
 20029 | Orc:2    | Found Muguarro's Jewellery Shoppe.
 20037 | Orc:2    | Found Kublasha's Armour Emporium.
 20140 | Orc:2    | Found Muxzukhle's Magic Scroll Shop.
 20171 | Orc:2    | Noticed Nessos
 20182 | Orc:2    | Found a staircase to the Elven Halls.
 20192 | Orc:2    | Killed Nessos
 20224 | Orc:2    | Noticed Azrael
 20232 | Orc:2    | Reached ****** piety under the Shining One
 20242 | Orc:2    | Reached skill level 1 in Throwing
 20257 | Orc:2    | Killed Azrael
 20334 | Orc:2    | Found Qyczam's Antique Weapon Shoppe.
 20366 | Orc:2    | Found an ancient bone altar of Kikubaaqudgha.
 20379 | Orc:2    | Found Restreus's Book Emporium.
 20405 | Orc:2    | Found a radiant altar of Vehumet.
 20485 | Orc:2    | Found Fuomus's Distillery.
 20513 | Orc:2    | Found a roughly hewn altar of Beogh.
 20526 | Orc:2    | Found Xaysteeza's Distillery.
 21053 | Orc:1    | Found Xoguaffupso's Jewellery Emporium.
 21267 | Orc:1    | Found a shimmering altar of Xom.
 21477 | Orc:1    | You fall into a shaft and drop 1 floor!
 21573 | Orc:2    | Bought the amulet of the Four Winds {rN+ MR+++ Clar} for
                  | 658 gold pieces
 21573 | Orc:2    | Found the amulet of the Four Winds {rN+ MR+++ Clar}
 23159 | D:14     | Noticed Josephine
 23165 | D:14     | Killed Josephine
 23919 | D:14     | Found a gate to the Vaults.
 24071 | D:15     | Entered Level 15 of the Dungeon
 24071 | D:15     | Found Ojasac's General Store.
 24490 | D:15     | Reached XP level 16. HP: 156/167 MP: 24/24
 24608 | D:15     | Reached skill level 5 in Throwing
 24785 | D:15     | Got a shimmering mace
 25032 | D:15     | Found a staircase to the Depths.
 25546 | Shoals:1 | Entered Level 1 of the Shoals
 25580 | Shoals:1 | HP: 1/169 [snapping turtle (9)]
 25581 | Shoals:1 | Slain by a water elemental

Illustrated notes

Levels and vault maps discovered:
D:1:      dpeg_arrival_houses_and_road, layout_basic, minmay_misc_feat_plants,
          minmay_octomino_c4
D:2:      layout_basic
D:3:      layout_basic, led_sif_book, first_ration
D:4:      layout_loops_ring, tgw_kikubaaqudgha
D:5:      layout_loops_cross, nicolae_overflow_crystal_walls,
          nicolae_overflow_hidden_temple, minmay_temple_entry_statues,
          serial_shops, nicolae_shop_trees, serial_park_tiny_pond,
          grunt_ministairs_2, minmay_holes
D:6:      layout_basic, zin_treasury, corexii_checkpoint_a,
          nemelex_xobeh_ov_fountains_minmay
D:7:      layout_loops_ring, basic_altar, grunt_livestock,
          minmay_misc_feat_more_columns, uniq_harold
D:8:      layout_cave_pods, serial_shops, nicolae_shop_stone, minivault_29,
          uniq_gastronok
D:9:      layout_basic, serial_shops, shop
D:10:     layout_basic, due_lair_maze_entry_diamond, serial_shops,
          shop_fountains, gammafunk_ghost_arena
D:11:     layout_stronghold, st_stairs_1, uniq_erolcha
D:12:     layout_gridville, minmay_orc_entry_guard_dogs,
          portal_ice_cave_entry_imps, serial_shops, shop,
          nicolae_shop_statue_plus, uniq_kirke
D:13:     layout_basic
D:14:     layout_irregular_city, grunt_vaults_entry_fortified,
          serial_co_window_serial, co_window_paths_a, co_window_paths_a,
          co_window_cross_1, co_window_corner_a, co_window_paths_a,
          co_window_corner_a, co_window_paths_b, co_window_paths_b,
          co_window_corner_a, co_window_broadway_c, co_window_paths_c,
          co_window_unsneaky_path_b, co_window_paths_e, glass_columns_b,
          minmay_staircase_statues_hall_small, serial_park_tiny_2,
          uniq_josephine
D:15:     grunt_enter_depths_hoard, layout_stronghold, serial_shops, shop,
          minmay_crystal_water
Temple:   eino_narrow_crystal_temple
Lair:1:   lemuel_slime, layout_gridlike, chequers_serial_rivers_micro_d,
          beast_lair_carwin_9, serial_bayou_shore_b, uniq_grum
Lair:2:   layout_cave_pods, spider_nest_entry_funnel_web, basic_altar,
          beast_lair_carwin_1
Lair:3:   layout_misc_corridors, uniq_nergalle
Lair:4:   layout_concentric_octagons, minmay_shoals_entry_hut,
          gammafunk_ghost_berserking_beasts, beast_lair_carwin_7,
          minmay_lair_oklob_chamber, uniq_rupert
Lair:5:   kb_forest_paths, layout_cave_pods, slime_altar_1
Lair:6:   cheibrodos_lair_end_hotspot, layout_concentric_octagons,
          grunt_forest_large_clearings
Shoals:1: layout_shoals, nicolae_shoals_flooded_hall
Orc:1:    layout_caves, serial_shops, shop, basic_altar, mines2_david
Orc:2:    kennysheep_orc_mage_school, layout_caves, serial_shops, shop, shop,
          shop, shop, nicolae_shop_waterfront, guppyfry_library_mini,
          uniq_azrael, uniq_nessos, uniq_donald, uniq_snorg

Skill      XL: |  1  2  3  4  5  6  7  8  9 10 11 12 13 14 15 16 |
---------------+-------------------------------------------------+-----
Fighting       | 3 4 5 6 7 8 9 10 11 12 13 | 13.0
Shields        | 3 4 5 6 7 8 9 |  9.0
Unarmed Combat | 3 4 5 7 8 9 10 12 13 14 | 14.9
Invocations    | 2 4 6 8 10 11 12 | 12.2
Armour         | 3 5 7 8 |  8.4
Throwing       | 4 5 |  5.5
Dodging        | |  2.4

Action                   |  1- 3 |  4- 6 |  7- 9 | 10-12 | 13-15 | 16-18 || total
-------------------------+-------+-------+-------+-------+-------+-------++-------
Melee: Unarmed           |   131 |   226 |   242 |   666 |  1330 |    52 ||  2647
Throw: Dart              |       |       |    16 |    14 |    11 |       ||    41
Invok: Summon Divine War |       |       |       |     1 |     5 |     1 ||     7
       Cleansing Flame   |       |       |       |       |     4 |     1 ||     5
  Use: Potion            |       |     3 |     4 |       |       |     1 ||     8
       Scroll            |       |       |     2 |    15 |     3 |       ||    20
  Eat: Chunk             |    17 |    16 |    32 |    55 |   121 |     5 ||   246
       Ration            |       |       |       |       |     2 |       ||     2
Armor: Robe              |    42 |    75 |    30 |     4 |    28 |       ||   179
       Skin              |       |       |    13 |       |       |       ||    13
       Steam dragon scal |       |       |       |    89 |    62 |       ||   151
       Fire dragon scale |       |       |       |       |   142 |    20 ||   162
Dodge: Dodged            |    53 |    63 |    16 |    60 |   141 |     4 ||   337
Block: Kite shield       |    50 |   210 |   292 |   711 |  1524 |    98 ||  2885
